NYP
LOS ANGELES (NYP) ANGELS @ ABERDEEN IRONBIRDS
08/11/2049
 
TOP OF THE 1ST
Los Angeles (NYP) Angels batting - Pitching for Aberdeen Ironbirds : RHP Rick Bob Van Arsdale-Undercarriage
Pitching: RHP Rick Bob Van Arsdale-Undercarriage
Batting: RHB Scott Webb 0-0: Swinging Strike
0-1: Foul Ball, location: 2F
0-2: Fly out, F9 (Flyball, 89S, EV 91.9 MPH)
Batting: SHB Tim Connell 0-0: Fly out, F9 (Flyball, 89M, EV 87.5 MPH)
Batting: LHB Mario Anguiano 0-0: Ball
1-0: Called Strike
1-1: Ball
2-1: Called Strike
2-2: Foul Ball, location: 2F
2-2: SINGLE (Groundball, 3D, EV 101.2 MPH)
Batting: RHB Dan Myers 0-0: Called Strike
0-1: Foul Ball, location: 2F
0-2: Ball
1-2: Foul Ball, location: 2F
1-2: Ball
2-2: Ball
3-2: Foul Ball, location: 2F
3-2: Base on Balls
Mario Anguiano to second
Batting: LHB Edgar van der Meeren 0-0: Ball
1-0: SINGLE (Flyball, 6MD, EV 91.2 MPH)
Mario Anguiano to third
Dan Myers to second
Batting: RHB Aaron Bryant 0-0: Ball
1-0: Ball
2-0: Called Strike
2-1: Called Strike
2-2: Ball
3-2: Foul Ball, location: 2F
3-2: Foul Ball, location: 2F
3-2: Strikes out swinging
Top of the 1st over - 0 runs, 2 hits, 0 errors, 3 left on base; Los Angeles (NYP) 0 - Aberdeen 0
BOTTOM OF THE 1ST
Aberdeen Ironbirds batting - Pitching for Los Angeles (NYP) Angels : RHP Kunihiro Sasaki
Pitching: RHP Kunihiro Sasaki
Batting: RHB Ryan Bentz 0-0: Foul Ball, location: 2F
0-1: Ball
1-1: Swinging Strike
1-2: Strikes out swinging
Batting: LHB Chris Barrera 0-0: Foul Ball, location: 2F
0-1: Swinging Strike
0-2: Fly out, F4 (Popup, 3S, EV 79.4 MPH)
Batting: LHB Jeremy Nuzzo 0-0: SINGLE (Groundball, 34D, EV 106.2 MPH)
Batting: RHB Chris McGuirk 0-0: Ball
1-0: Fly out, F7 (Flyball, 7LMF, EV 85.0 MPH)
Bottom of the 1st over - 0 runs, 1 hit, 0 errors, 1 left on base; Los Angeles (NYP) 0 - Aberdeen 0
TOP OF THE 2ND
Los Angeles (NYP) Angels batting - Pitching for Aberdeen Ironbirds : RHP Rick Bob Van Arsdale-Undercarriage
Batting: LHB Jamie Diebel 0-0: Ground out 6-3 (Groundball, 6, EV 86.9 MPH)
Batting: RHB Malachi Ephron 0-0: Swinging Strike
0-1: Called Strike
0-2: Ball
1-2: Ball
2-2: Ball
3-2: SOLO HOME RUN (Flyball, 7LD, EV 94.4 MPH), Distance : 350 ft
Batting: RHB Ron Major 0-0: Ball
1-0: SINGLE (Groundball, 4MD, EV 96.9 MPH)
Batting: RHB Scott Webb 0-0: Ball
1-0: Called Strike
1-1: DOUBLE (Flyball, 8RD, EV 105.6 MPH)
Ron Major to third
Runner from 3rd tries for Home, SAFE, throw by CF to home
Batting: SHB Tim Connell Balk!
Scott Webb to third
0-0: Ball
1-0: Ground out 6-3 (Groundball, 6, EV 78.8 MPH)
Scott Webb scores
Batting: LHB Mario Anguiano 0-0: Called Strike
0-1: Fly out, F8 (Flyball, 8LXD, EV 86.2 MPH)
Top of the 2nd over - 3 runs, 3 hits, 0 errors, 0 left on base; Los Angeles (NYP) 3 - Aberdeen 0
BOTTOM OF THE 2ND
Aberdeen Ironbirds batting - Pitching for Los Angeles (NYP) Angels : RHP Kunihiro Sasaki
Batting: RHB Johnny Lowe 0-0: Ball
1-0: SINGLE (Groundball, 6MD, EV 107.5 MPH)
Batting: RHB Luis Roman 0-0: Ball
1-0: Called Strike
1-1: Foul Ball, location: 2F
1-2: Ball
2-2: Strikes out looking
Batting: LHB Danny Schultz 0-0: Fielders Choice at 2nd, 2-4 (Groundball, 2L, EV 70.6 MPH)
Batting: RHB Heihachiro Fujita 0-0: Called Strike
Danny Schultz steals 2nd base
0-1: Foul Ball, location: 2F
0-2: Ball
1-2: Foul Ball, location: 2F
1-2: Ball
2-2: Strikes out looking
Bottom of the 2nd over - 0 runs, 1 hit, 0 errors, 1 left on base; Los Angeles (NYP) 3 - Aberdeen 0
TOP OF THE 3RD
Los Angeles (NYP) Angels batting - Pitching for Aberdeen Ironbirds : RHP Rick Bob Van Arsdale-Undercarriage
Batting: RHB Dan Myers 0-0: SINGLE (Groundball, 4D, EV 107.5 MPH)
Batting: LHB Edgar van der Meeren 0-0: Called Strike
Dan Myers steals 2nd base
0-1: DOUBLE (Groundball, 3L, EV 99.4 MPH)
Dan Myers scores
Batting: RHB Aaron Bryant 0-0: Ball
1-0: Called Strike
1-1: Reached on error, E6 (Groundball, 6, EV 86.2 MPH)
Edgar van der Meeren scores
Batting: LHB Jamie Diebel 0-0: Called Strike
0-1: Swinging Strike
0-2: Ground out 5-3 (Groundball, 5, EV 99.4 MPH)
Batting: RHB Malachi Ephron 0-0: Ground out U3 (Groundball, 3, EV 108.1 MPH)
Aaron Bryant to third
Batting: RHB Ron Major 0-0: Ball
1-0: Called Strike
1-1: Fly out, F5 (Line Drive, 5L, EV 70.6 MPH)
Top of the 3rd over - 2 runs, 2 hits, 1 error, 1 left on base; Los Angeles (NYP) 5 - Aberdeen 0
BOTTOM OF THE 3RD
Aberdeen Ironbirds batting - Pitching for Los Angeles (NYP) Angels : RHP Kunihiro Sasaki
Batting: RHB Tim Cleary 0-0: Ball
1-0: Ground out 6-3 (Groundball, 6S, EV 85.6 MPH)
Batting: RHB Ryan Bentz 0-0: Swinging Strike
0-1: Ball
1-1: Ball
2-1: Called Strike
2-2: Ball
3-2: Base on Balls
Batting: LHB Chris Barrera 0-0: Called Strike
0-1: Foul Ball, location: 2F
0-2: Ball
1-2: Ball
Ryan Bentz steals 2nd base
2-2: Ball
3-2: Foul Ball, location: 2F
3-2: Foul Ball, location: 2F
3-2: Foul Ball, location: 2F
3-2: Base on Balls
Batting: LHB Jeremy Nuzzo 0-0: Ball
1-0: Called Strike
1-1: DOUBLE (Line Drive, 9LM, EV 110.0 MPH)
Ryan Bentz scores
Chris Barrera to third
Batting: RHB Chris McGuirk 0-0: Called Strike
0-1: Ground out 5-3 (Groundball, 56S, EV 87.5 MPH)
Chris Barrera scores
Batting: RHB Johnny Lowe 0-0: Ball
1-0: Ball
2-0: Ball
3-0: Base on Balls
Batting: RHB Luis Roman 0-0: Called Strike
0-1: SINGLE (Line Drive, 4D, EV 103.1 MPH)
Jeremy Nuzzo to third
Johnny Lowe to second
Throwing error, E8
Jeremy Nuzzo scores
Johnny Lowe to third
Luis Roman to second
Batting: LHB Danny Schultz 0-0: Ball
1-0: Ball
2-0: Ball
3-0: Called Strike
3-1: Base on Balls
Batting: RHB Heihachiro Fujita 0-0: Foul Ball, location: 2F
0-1: Fielders Choice at 2nd, 6-4 (Groundball, 6, EV 96.2 MPH)
Bottom of the 3rd over - 3 runs, 2 hits, 1 error, 3 left on base; Los Angeles (NYP) 5 - Aberdeen 3
TOP OF THE 4TH
Los Angeles (NYP) Angels batting - Pitching for Aberdeen Ironbirds : RHP Rick Bob Van Arsdale-Undercarriage
Batting: RHB Scott Webb 0-0: Ball
1-0: Foul Ball, location: 2F
1-1: Called Strike
1-2: Ball
2-2: Fly out, F7 (Flyball, 7, EV 90.0 MPH)
Batting: SHB Tim Connell 0-0: Ball
1-0: Swinging Strike
1-1: Ball
2-1: Ground out 6-3 (Groundball, 6, EV 85.6 MPH)
Batting: LHB Mario Anguiano 0-0: Ball
1-0: Foul Ball, location: 2F
1-1: Ball
2-1: Foul Ball, location: 2F
2-2: Ball
3-2: Foul Ball, location: 2F
3-2: Base on Balls
Pitching: RHP Andrew Telles
Batting: RHB Dan Myers 0-0: Called Strike
0-1: Ball
1-1: Ball
2-1: Ball
3-1: Called Strike
3-2: Strikes out swinging
Top of the 4th over - 0 runs, 0 hits, 0 errors, 1 left on base; Los Angeles (NYP) 5 - Aberdeen 3
BOTTOM OF THE 4TH
Aberdeen Ironbirds batting - Pitching for Los Angeles (NYP) Angels : RHP Kunihiro Sasaki
Batting: RHB Tim Cleary 0-0: Called Strike
0-1: Ball
1-1: Called Strike
1-2: Ball
2-2: Strikes out swinging
Batting: RHB Ryan Bentz 0-0: Called Strike
0-1: Ball
1-1: Ball
2-1: Ground out U3 (Groundball, 3L, EV 99.4 MPH)
Batting: LHB Chris Barrera 0-0: SINGLE (Groundball, 34D, EV 100.0 MPH)
Batting: LHB Jeremy Nuzzo 0-0: SINGLE (Groundball, 6MD, EV 93.8 MPH)
Chris Barrera to second
Runner from 2nd tries for 3rd, SAFE, no throw by CF
Batting: RHB Chris McGuirk 0-0: Called Strike
0-1: Foul Ball, location: 2F
0-2: Ball
1-2: Fielders Choice at 2nd, 5-4 (Groundball, 5, EV 85.0 MPH)
Bottom of the 4th over - 0 runs, 2 hits, 0 errors, 2 left on base; Los Angeles (NYP) 5 - Aberdeen 3
TOP OF THE 5TH
Los Angeles (NYP) Angels batting - Pitching for Aberdeen Ironbirds : RHP Andrew Telles
Batting: LHB Edgar van der Meeren 0-0: Swinging Strike
0-1: Ball
1-1: Ball
2-1: Ball
3-1: Foul Ball, location: 2F
3-2: Base on Balls
Batting: RHB Aaron Bryant 0-0: Called Strike
0-1: Grounds into double play, 5-4-3 (Groundball, 5S, EV 80.0 MPH)
Batting: LHB Jamie Diebel 0-0: Called Strike
0-1: Ground out U3 (Groundball, 3, EV 96.2 MPH)
Top of the 5th over - 0 runs, 0 hits, 0 errors, 0 left on base; Los Angeles (NYP) 5 - Aberdeen 3
BOTTOM OF THE 5TH
Aberdeen Ironbirds batting - Pitching for Los Angeles (NYP) Angels : RHP Kunihiro Sasaki
Batting: RHB Johnny Lowe 0-0: Ball
1-0: Ball
2-0: Called Strike
2-1: Ball
3-1: Foul Ball, location: 2F
3-2: Ground out 5-3 (Groundball, 5, EV 78.1 MPH)
Batting: RHB Luis Roman 0-0: Foul Ball, location: 2F
0-1: Ball
1-1: Foul Ball, location: 2F
1-2: SINGLE (Groundball, 34S, EV 95.0 MPH)
Batting: LHB Danny Schultz 0-0: Ball
1-0: Ball
2-0: Ball
3-0: Base on Balls
Luis Roman to second
Pitching: RHP Humberto Paniagua
Batting: RHB Heihachiro Fujita 0-0: Called Strike
0-1: Ball
1-1: Ball
2-1: SINGLE (Groundball, 4MD, EV 110.6 MPH)
Luis Roman to third
Danny Schultz to second
Runner from 3rd tries for Home, SAFE, throw by CF to home
Batting: RHB Tim Cleary 0-0: Called Strike
0-1: Ball
1-1: Ball
2-1: Fielders Choice at 2nd, 6-4 (Groundball, 6, EV 78.8 MPH)
Danny Schultz to third
Batting: RHB Ryan Bentz 0-0: Called Strike
0-1: Ball
1-1: Called Strike
1-2: Ball
2-2: Foul Ball, location: 2F
2-2: Ball
3-2: Base on Balls
Tim Cleary to second
Batting: LHB Chris Barrera 0-0: SINGLE (Groundball, 4MD, EV 104.4 MPH)
Danny Schultz scores
Tim Cleary to third
Ryan Bentz to second
Throwing error, E8
Tim Cleary scores
Ryan Bentz to third
Chris Barrera to second
Batting: LHB Jeremy Nuzzo 0-0: Ball
1-0: Called Strike
1-1: Foul Ball, location: 2F
1-2: Ball
2-2: Ball
3-2: Strikes out looking
Bottom of the 5th over - 3 runs, 3 hits, 1 error, 2 left on base; Los Angeles (NYP) 5 - Aberdeen 6
TOP OF THE 6TH
Los Angeles (NYP) Angels batting - Pitching for Aberdeen Ironbirds : RHP Andrew Telles
Batting: RHB Malachi Ephron 0-0: Ball
1-0: Ground out 5-3 (Groundball, 15, EV 86.2 MPH)
Pinch Hitting: RHB Kyle Gray 0-0: Foul Ball, location: 2F
0-1: Fly out, F9 (Line Drive, 9LM, EV 90.0 MPH)
Batting: RHB Scott Webb 0-0: Called Strike
0-1: Foul Ball, location: 2F
0-2: Ball
1-2: TRIPLE (Flyball, 9D, EV 98.8 MPH)
Batting: SHB Tim Connell 0-0: Called Strike
0-1: Ball
Wild Pitch!
Scott Webb scores
1-1: Swinging Strike
1-2: Ball
2-2: Ball
3-2: Strikes out swinging
Top of the 6th over - 1 run, 1 hit, 0 errors, 0 left on base; Los Angeles (NYP) 6 - Aberdeen 6
BOTTOM OF THE 6TH
Aberdeen Ironbirds batting - Pitching for Los Angeles (NYP) Angels : RHP Humberto Paniagua
Now at 3B: Ken Hillman
Batting: RHB Chris McGuirk 0-0: Ball
1-0: Ball
2-0: Ball
3-0: Base on Balls
Batting: RHB Johnny Lowe 0-0: Fielders Choice at 2nd, 6-4 (Groundball, 6, EV 103.8 MPH)
Pitching: RHP Victor Padilla
Batting: RHB Luis Roman 0-0: Ball
1-0: Called Strike
1-1: Swinging Strike
1-2: Strikes out swinging
Batting: LHB Danny Schultz 0-0: Ball
Johnny Lowe steals 2nd base
1-0: Called Strike
1-1: Foul Ball, location: 2F
1-2: Strikes out swinging
Bottom of the 6th over - 0 runs, 0 hits, 0 errors, 1 left on base; Los Angeles (NYP) 6 - Aberdeen 6
TOP OF THE 7TH
Los Angeles (NYP) Angels batting - Pitching for Aberdeen Ironbirds : RHP Andrew Telles
Batting: LHB Mario Anguiano 0-0: Ball
1-0: Foul Ball, location: 2F
1-1: Ball
2-1: Foul Ball, location: 2F
2-2: SINGLE (Groundball, 34D, EV 95.6 MPH)
Pitching: RHP Justin Swanson
Batting: RHB Dan Myers 0-0: SINGLE (Groundball, 6MD, EV 101.2 MPH)
Mario Anguiano to second
Runner from 2nd tries for 3rd, SAFE, throw by CF made to third
Dan Myers to second
Batting: LHB Edgar van der Meeren 0-0: Intentional Walk
Batting: RHB Aaron Bryant 0-0: Ball
1-0: Called Strike
1-1: Foul Ball, location: 2F
1-2: Strikes out swinging
Batting: LHB Jamie Diebel 0-0: Foul Ball, location: 2F
0-1: Foul Ball, location: 2F
0-2: Strikes out swinging
Batting: RHB Malachi Ephron 0-0: Ball
1-0: Fly out, F8 (Line Drive, 8LD, EV 98.8 MPH)
Top of the 7th over - 0 runs, 2 hits, 0 errors, 3 left on base; Los Angeles (NYP) 6 - Aberdeen 6
BOTTOM OF THE 7TH
Aberdeen Ironbirds batting - Pitching for Los Angeles (NYP) Angels : RHP Victor Padilla
Batting: RHB Heihachiro Fujita 0-0: Called Strike
0-1: Ball
1-1: Ball
2-1: Ground out 5-3 (Groundball, 25, EV 91.2 MPH)
Batting: RHB Tim Cleary 0-0: Called Strike
0-1: Ball
1-1: Foul Ball, location: 2F
1-2: Strikes out swinging
Batting: RHB Ryan Bentz 0-0: Called Strike
0-1: Ball
1-1: Swinging Strike
1-2: Ground out 6-3 (Groundball, 56, EV 97.5 MPH)
Bottom of the 7th over - 0 runs, 0 hits, 0 errors, 0 left on base; Los Angeles (NYP) 6 - Aberdeen 6
TOP OF THE 8TH
Los Angeles (NYP) Angels batting - Pitching for Aberdeen Ironbirds : RHP Justin Swanson
Batting: RHB Ken Hillman 0-0: Ball
1-0: Foul Ball, location: 2F
1-1: Called Strike
1-2: Strikes out swinging
Batting: RHB Scott Webb 0-0: Called Strike
0-1: Ball
1-1: Ball
2-1: Foul Ball, location: 2F
2-2: Ball
3-2: Strikes out swinging
Batting: SHB Tim Connell 0-0: Ground out 4-3 (Groundball, 4, EV 85.0 MPH)
Top of the 8th over - 0 runs, 0 hits, 0 errors, 0 left on base; Los Angeles (NYP) 6 - Aberdeen 6
BOTTOM OF THE 8TH
Aberdeen Ironbirds batting - Pitching for Los Angeles (NYP) Angels : RHP Victor Padilla
Batting: LHB Chris Barrera 0-0: Called Strike
0-1: Called Strike
0-2: Foul Ball, location: 2F
0-2: Ball
1-2: Strikes out looking
Batting: LHB Jeremy Nuzzo 0-0: Ball
1-0: Foul Ball, location: 2F
1-1: Fly out, F8 (Line Drive, 8LS, EV 93.1 MPH)
Batting: RHB Chris McGuirk 0-0: Ball
1-0: Foul Ball, location: 2F
1-1: Ball
2-1: Ball
3-1: Base on Balls
Pitching: RHP Simon Vogel
Batting: RHB Johnny Lowe 0-0: Called Strike
0-1: Ball
1-1: Ball
2-1: Ball
3-1: Foul Ball, location: 2F
3-2: Strikes out swinging
Bottom of the 8th over - 0 runs, 0 hits, 0 errors, 1 left on base; Los Angeles (NYP) 6 - Aberdeen 6
TOP OF THE 9TH
Los Angeles (NYP) Angels batting - Pitching for Aberdeen Ironbirds : RHP Justin Swanson
Pitching: LHP Ronnie Pickering
Batting: LHB Mario Anguiano 0-0: Ball
1-0: Called Strike
1-1: Foul Ball, location: 2F
1-2: SINGLE (Flyball, 5D, EV 92.5 MPH)
Batting: RHB Dan Myers 0-0: Swinging Strike
0-1: Ball
1-1: Foul Ball, location: 2F
1-2: Ball
2-2: Foul Ball, location: 2F
2-2: SINGLE (Groundball, 34D, EV 105.6 MPH)
Mario Anguiano to second
Runner from 2nd tries for 3rd, SAFE, throw by RF made to third
Batting: LHB Edgar van der Meeren 0-0: Ball
1-0: Ball
2-0: Foul Ball, location: 2F
2-1: SINGLE (Groundball, 23, EV 80.6 MPH) (infield hit)
Mario Anguiano scores
Dan Myers to second
Batting: RHB Aaron Bryant 0-0: Called Strike
0-1: Foul Ball, location: 2F
0-2: Foul Ball, location: 2F
0-2: Strikes out swinging
Batting: LHB Jamie Diebel 0-0: Ball
1-0: Swinging Strike
1-1: Ball
2-1: Ball
3-1: Base on Balls
Dan Myers to third
Edgar van der Meeren to second
Batting: RHB Malachi Ephron 0-0: Ball
1-0: Ball
2-0: DOUBLE (Line Drive, 3D, EV 103.8 MPH)
Dan Myers scores
Edgar van der Meeren scores
Jamie Diebel to third
Batting: RHB Ken Hillman 0-0: Ball
1-0: Ball
2-0: Called Strike
2-1: Ball
3-1: Foul Ball, location: 2F
3-2: Ground out 4-3 (Groundball, 34, EV 110.0 MPH)
Jamie Diebel scores
Malachi Ephron to third
Pitching: RHP Rich Hensley
Batting: RHB Scott Webb 0-0: Ball
1-0: Ball
2-0: Ball
3-0: Called Strike
3-1: DOUBLE (Line Drive, 89D, EV 106.9 MPH)
Malachi Ephron scores
Batting: SHB Tim Connell 0-0: Ball
1-0: Called Strike
1-1: Swinging Strike
1-2: Strikes out swinging
Top of the 9th over - 5 runs, 5 hits, 0 errors, 1 left on base; Los Angeles (NYP) 11 - Aberdeen 6
BOTTOM OF THE 9TH
Aberdeen Ironbirds batting - Pitching for Los Angeles (NYP) Angels : RHP Simon Vogel
Batting: RHB Luis Roman 0-0: Called Strike
0-1: Ball
1-1: Ball
2-1: Ball
3-1: SINGLE (Line Drive, 56D, EV 96.2 MPH)
Batting: LHB Danny Schultz 0-0: Ball
1-0: Ball
2-0: Called Strike
2-1: Fielders Choice at 2nd, 3-6 (Groundball, 3, EV 84.4 MPH)
Batting: RHB Heihachiro Fujita 0-0: Swinging Strike
0-1: Ball
1-1: Fly out, F7 (Flyball, 7, EV 80.6 MPH)
Batting: RHB Tim Cleary 0-0: Ball
1-0: Swinging Strike
1-1: Foul Ball, location: 2F
1-2: Ball
2-2: Ball
3-2: Strikes out swinging
Bottom of the 9th over - 0 runs, 1 hit, 0 errors, 1 left on base; Los Angeles (NYP) 11 - Aberdeen 6
Sunday, July 16th , 2023 - OOTP Baseball 24.6 Build 69